 Dungeon Crawl Stone Soup version 0.30-a0-55-g90e3122c3a (webtiles) character file.

Game seed: 16452928676128939973

56 LnG the Trooper (level 3, -1/33 HPs)
             Began as a Hill Orc Fighter on Sept 9, 2022.
             Killed from afar by Ijyb (6 damage)
             ... with a puff of flame
             ... on level 3 of the Dungeon.
             The game lasted 00:03:22 (1642 turns).

LnG the Trooper (Hill Orc Fighter)                  Turns: 1642, Time: 00:03:23

Health: -1/33      AC:  8    Str: 20    XL:     3   Next: 97%
Magic:  3/3        EV:  9    Int:  8    God:
Gold:   138        SH:  4    Dex: 10    Spells: 2/2 levels left

rFire   . . .      SeeInvis .    a - +0 war axe
rCold   . . .      Faith    .    c - +0 buckler
rNeg    . . .      Spirit   .    b - +0 scale mail
rPois   .          Reflect  .    (no helmet)
rElec   .          Harm     .    (no cloak)
rCorr   .          Rampage  .    (no gloves)
Will    .....                    j - +0 pair of boots
Stlth   ..........               (no amulet)
HPRegen 0.11/turn                (no ring)
MPRegen 0.08/turn                (no ring)

@: mighty
A: no striking features
a: no special abilities


You were on level 3 of the Dungeon.
You visited 1 branch of the dungeon, and saw 3 of its levels.

You collected 138 gold pieces.

Inventory:

Hand Weapons
 a - a +0 war axe (weapon)
Armour
 b - a +0 scale mail (worn)
 c - a +0 buckler (worn)
 j - a +0 pair of boots (worn)
Scrolls
 e - 2 scrolls of teleportation {unknown}
 f - 3 scrolls of torment {unknown}
 h - a scroll of immolation {unknown}
 i - 3 scrolls of identify {unknown}
 k - a scroll of noise {unknown}
 l - a scroll of blinking {unknown}
 m - a scroll of amnesia {unknown}
 n - a scroll of vulnerability {unknown}
Potions
 g - 4 potions of curing {unknown}


   Skills:
 + Level 4.1 Fighting
 + Level 3.4 Axes
 + Level 3.7 Armour
 + Level 4.1 Shields


You had 2 spell levels left.
You didn't know any spells.
Your spell library was empty.

Dungeon Overview and Level Annotations

Branches:
Dungeon (3/15)

Altars:

Annotations:
D:3 Ijyb


Message History

Ijyb the Twisted Goblin comes into view.
She is wielding a +0 dagger and carrying a wand of flame (11).
Ijyb shouts!
You closely miss Ijyb. Ijyb hits you but does no damage.
You closely miss Ijyb.
Ijyb zaps a wand.
The puff of flame hits you! Ijyb hits you with a +0 dagger.
You completely miss Ijyb. You block Ijyb's attack.
You closely miss Ijyb. Ijyb barely misses you.
You barely miss Ijyb. Ijyb hits you with a +0 dagger.
Ijyb zaps a wand.
The puff of flame hits you.
You hit Ijyb.
Ijyb is lightly wounded.
Ijyb hits you with a +0 dagger.
You feel very mighty all of a sudden. Ijyb hits you with a +0 dagger.
You slash Ijyb!
Ijyb is heavily wounded.
Ijyb zaps a wand.
The puff of flame hits you but does no damage.
Ijyb hits you but does no damage.
You closely miss Ijyb.
Ijyb is heavily wounded.
Ijyb hits you but does no damage.
You completely miss Ijyb.
Ijyb is heavily wounded.
Ijyb hits you but does no damage.
You completely miss Ijyb.
Ijyb is heavily wounded.
Ijyb screams, "I dance on your bones!" Ijyb hits you but does no damage.
Ijyb barely misses you.
You slash Ijyb!
Ijyb is almost dead.
Ijyb barely misses you.
You miss Ijyb.
Ijyb is almost dead.
Ijyb hits you but does no damage.
Ijyb zaps a wand.
The puff of flame hits you!
* * * LOW HITPOINT WARNING * * *
You hit Ijyb.
Ijyb is almost dead.
Ijyb zaps a wand.
The puff of flame hits you.
You die...

##.#.##
###.......#.#.# #.#.#
#...<.........#
##.#.##
#.....<#...)...
#.###.#
#............##
##.#.##
###...##....###
##.#.#.###.........†##
#
#.........##########.#
# #>#####...# #.#
#g@.# ... #......#
>..# ....##...# ....
### #.... ... ....[.
.......# .##.....# #.
.#.....


You could see Ijyb.

Vanquished Creatures
  Terence (D:2)
  An adder (D:2)
  4 endoplasms
  3 goblins
  3 hobgoblins
  A kobold (D:1)
  2 quokkas (D:1)
  2 ball pythons (D:2)
  2 frilled lizards (D:3)
  2 rats (D:1)
21 creatures vanquished.

Notes
Turn   | Place    | Note
-------+----------+-------------------------------------------
     0 | D:1      | LnG the Hill Orc Fighter began the quest for the Orb.
     0 | D:1      | Reached XP level 1. HP: 19/19 MP: 1/1
    83 | D:1      | Found a faded altar of an unknown god.
   107 | D:1      | Reached XP level 2. HP: 27/27 MP: 2/2
   786 | D:2      | Reached XP level 3. HP: 33/33 MP: 3/3
   837 | D:2      | Noticed Terence
   877 | D:2      | Killed Terence
  1626 | D:3      | Noticed Ijyb
  1642 | D:3      | Killed from afar by Ijyb

Illustrated notes

Levels and vault maps discovered:
D:1:      minmay_arrival_three_doors, layout_basic,
          ebering_ecumenical_altar_abandoned
D:2:      layout_basic, uniq_terence
D:3:      layout_loops_cross, roderic_roman_lattice, nrook_campfire,
          pf_guarded_unrand_meek, uniq_ijyb

Skill      XL: |  1  2  3 |
---------------+----------+-----
Fighting       | 4 |  4.1
Axes           | 3 |  3.4
Shields        | 4 |  4.1
Armour         | |  3.7

Action                   || total
-------------------------++-------
Melee: War axe           ||    64
  Use: Potion            ||     1
Armor: Scale mail        ||    31
Dodge: Dodged            ||    20
Block: Buckler           ||    15

Table legend: (Time is in decaauts)
 A = Elapsed time spent in this place.
 B = Non-inter-level travel time spent in this place.
 C = Inter-level travel time spent in this place.
 D = Time resting spent in this place.
 E = Time spent auto-exploring this place.
 F = Levels seen in this place.
 G = Mean time per level.
                   A        B        C        D        E       F      G
               +--------+--------+--------+--------+--------+-----+--------+
         Total |   1666 |   1522 |    144 |     11 |   1141 |   3 |  555.3 |
       Dungeon |   1666 |   1522 |    144 |     11 |   1141 |   3 |  555.3 |
               +--------+--------+--------+--------+--------+-----+--------+

Top non-repeatable levels by time:
     D:2: 884 daAuts
     D:1: 534 daAuts
     D:3: 247 daAuts
